 Dungeon Crawl Stone Soup version 0.18.1-50-g88ac8fd (webtiles) character file.

347 Gargoyl the Agent of Entropy (level 6, -5/48 HPs)
             Began as a Demonspawn Abyssal Knight on Sept 30, 2016.
             Was a Priest of Lugonu.
             Killed by nerve-wracking pain
             ... invoked by an orc priest
              (8 damage)
             ... on level 4 of the Dungeon.
             The game lasted 00:06:12 (3636 turns).

Gargoyl the Agent of Entropy (DsAK)                 Turns: 3636, Time: 00:06:13

Health: -5/48      AC: 13    Str: 19    XL:     6   Next: 33%
Magic:  9/9        EV:  7    Int: 13    God:    Lugonu [***...]
Gold:   194        SH:  0    Dex: 13    Spells: 0 memorised, 5 levels left

rFire  . . .     SeeInvis .     a - +1 hand axe
rCold  . . .     Gourm    .     e - +0 plate armour
rNeg   . . .     Faith    .     (no shield)
rPois  .         Spirit   .     s - +0 helmet
rElec  .         Dismiss  .     (no cloak)
rCorr  .         Reflect  .     (no gloves)
SustAt .         Harm     .     j - +0 pair of boots
MR     .....                    i - amulet of rage
Stlth  ..........               (no ring)
                                r - +2 ring of evasion

@: mighty, heavily drained, not resistant to hostile enchantments, extremely
unstealthy
A: claws 2, demonic guardian 1, powered by pain 1
a: Depart the Abyss, Bend Space, Banish, Renounce Religion, Evoke Berserk Rage


You were on level 4 of the Dungeon.
You worshipped Lugonu.
Lugonu was most pleased with you.
You were not hungry.

You visited 1 branch of the dungeon, and saw 4 of its levels.
You visited the Abyss 1 time.

You collected 194 gold pieces.

Inventory:

Hand Weapons
 a - a +1 hand axe (weapon)
 u - a +0 blowgun
Missiles
 v - 3 curare-tipped needles
Armour
 e - a +0 plate armour (worn)
 j - a +0 pair of boots (worn)
 s - a +0 helmet (worn)
Jewellery
 i - an amulet of rage (around neck)
 r - a +2 ring of evasion (left claw)
Scrolls
 b - a scroll of recharging {unknown}
 d - 5 scrolls of enchant armour {unknown}
 f - a scroll of teleportation
 l - a scroll of noise {unknown}
 n - 2 scrolls of remove curse {unknown}
 t - a scroll of identify
Potions
 g - a potion of ambrosia {unknown}
 k - 3 potions of lignification
 p - a potion of resistance
 w - a potion of curing {unknown}
Comestibles
 c - 4 bread rations
 h - a royal jelly
 m - 3 chunks of flesh
 q - a meat ration
 x - a beef jerky


   Skills:
 + Level 4.1(2.1) Fighting
 + Level 3.1(1.2) Axes
 * Level 4.0(2.0) Armour
 + Level 1.0(0.0) Dodging
 * Level 4.4(2.4) Invocations
 + Level 0.4(0.0) Evocations


You had 5 spell levels left.
You didn't know any spells.

Dungeon Overview and Level Annotations

Branches:
Dungeon (4/15)
 Temple: D:4-7

Altars:
Okawaru
Pakellas
Ru


Innate Abilities, Weirdness & Mutations

You have very sharp fingernails.
A weak demonic guardian rushes to your aid.
You sometimes gain a little power by taking damage.


Message History

The orc priest hits your crimson imp with a mace.
Unknown command.
You completely miss the orc priest.
The orc priest is moderately wounded.
Your crimson imp completely misses the orc priest.
The orc priest calls down the wrath of Beogh upon you.
Pain shoots through your body!
* * * LOW HITPOINT WARNING * * *
The orc priest barely misses your crimson imp.
You barely miss the orc priest.
The orc priest is moderately wounded.
The orc priest mumbles some strange prayers to Beogh against you.
Beogh smites you!
* * * LOW HITPOINT WARNING * * *
Your crimson imp hits the orc priest.
The orc priest closely misses you.
Your crimson imp hits the orc priest.
The orc priest hits your crimson imp with a mace.
The orc priest invokes the aid of Beogh against you.
Pain shoots through your body!
You die...

#######.######### ######
##......#.........
.....#####.#.#..###.###.##
###............## ##.# .#
.....#...#.###..###.###.##.
####......#......#.........
#..........###5#.....##.
##.....######.5o........
#......## #@##.#####..
#.##.#.# #o##.# .
###.##.#.# #.##.#
.......#.. ...#<#
....##.#.## #..#.#
######.#.# #..#.# #.#
#..#.# #..#.#


You could see 2 orc priests and 2 friendly crimson imps.

Vanquished Creatures
  The ghost of Gottschkopf the Magician, an amateur DEAE (D:4)
  Robin (D:2)
  A howler monkey skeleton (D:3)
  A gnoll (D:1)
  3 adders
  4 worms
  7 dart slugs
  A giant gecko (D:3)
  6 orcs
  3 ball pythons
  2 giant cockroaches (D:3)
  14 goblins
  10 hobgoblins
  4 jackals (D:2)
  7 kobolds
  2 quokkas
  10 bats
  3 giant newts
  8 rats
88 creatures vanquished.

Vanquished Creatures (collateral kills)
  Purgy (D:4)
  A giant frog skeleton (D:4)
2 creatures vanquished.

Grand Total: 90 creatures vanquished

Notes
Turn   | Place    | Note
--------------------------------------------------------------
     0 | Abyss:1  | Gargoyl the Demonspawn Abyssal Knight began the quest for the Orb.
     0 | Abyss:1  | Reached XP level 1. HP: 18/18 MP: 2/2
    26 | Abyss:1  | Noticed a small abomination
    61 | Abyss:2  | Noticed a quasit
    72 | Abyss:2  | Noticed a ynoxinul
    73 | D:1      | Escaped the Abyss
   326 | D:1      | Gained mutation: A weak demonic guardian rushes to your aid. [demonic ancestry]
   326 | D:1      | Reached XP level 2. HP: 24/24 MP: 4/4
   426 | D:1      | Reached * piety under Lugonu
   734 | D:1      | Gained mutation: You have sharp fingernails. [demonic ancestry]
   734 | D:1      | Reached XP level 3. HP: 28/29 MP: 5/5
  1177 | D:2      | Found a sacrificial altar of Ru.
  1227 | D:2      | Found an iron altar of Okawaru.
  1572 | D:2      | Reached XP level 4. HP: 35/36 MP: 6/6
  1583 | D:2      | Reached ** piety under Lugonu
  1593 | D:2      | Noticed Robin
  1612 | D:2      | Killed Robin
  2548 | D:3      | Gained mutation: You have very sharp fingernails. [demonic ancestry]
  2548 | D:3      | Reached XP level 5. HP: 41/42 MP: 7/7
  2620 | D:3      | Reached *** piety under Lugonu
  2698 | D:3      | Found an oddly glowing altar of Pakellas.
  3002 | D:3      | Reached skill level 1 in Dodging
  3457 | D:4      | Noticed Purgy
  3469 | D:4      | Killed Purgy
  3470 | D:4      | Gained mutation: You sometimes gain a little power by taking damage. [demonic ancestry]
  3470 | D:4      | Reached XP level 6. HP: 48/48 MP: 9/9
  3504 | D:4      | Noticed Gottschkopf's ghost (amateur DEAE)
  3509 | D:4      | Killed Gottschkopf's ghost
  3636 | D:4      | Killed from afar by an orc priest

Skill      XL: |  1  2  3  4  5  6 |
---------------+-------------------+-----
Armour         | 2 3 4 |  4.0
Axes           | 2 3 |  3.1
Invocations    | 3 4 |  4.4
Fighting       | 4 |  4.1
Dodging        | 1 |  1.0
Evocations     | |  0.4

Action                   |  1- 3 |  4- 6 || total
-------------------------+-------+-------++-------
Melee: Hand axe          |   120 |   202 ||   322
Invok: Depart the Abyss  |     1 |       ||     1
 Abil: Evoke Berserk Rag |     1 |       ||     1
  Use: Scroll            |     1 |     3 ||     4
       Potion            |       |     5 ||     5
  Eat: Chunk             |     3 |     7 ||    10
Armor: Plate armour      |   102 |   179 ||   281
       Skin              |       |    16 ||    16
Dodge: Dodged            |    29 |    46 ||    75
